AoeStats
← adan.technology

Arena

507432058Analyzed
1v1 RM · 15d ago on Sep 18, 2026· 61m 46s· 2 players
Game mode
Random Map
Map size
Tiny (2 player)
Population
200
Speed
Normal
Resources
Standard
Victory
Conquest
Starting age
Dark Age
Ending age
Imperial Age
RankedLock teamsTeams togetherTeam positionsShared explorationLock speedFull tech treeHidden civsTurbo modeCheats
Victory
Defeat
🇲🇽 Vietnamese · Mexico
928
+14
🇨🇳 Bohemians · China
883
-14
53280025
2:59 Loom
10:18 Feudal Age
10:46 Horse Collar
10:57 Double-Bit Axe
19:29 Castle Age
19:23 Forging
19:56 Town Watch
20:36 Heavy Plow
20:51 Bow Saw
25:01 Fletching
25:13 Padded Archer Armor
26:49 Bodkin Arrow
32:42 Wheelbarrow
32:56 Husbandry
33:22 Ballistics
34:04 Chemistry
34:23 Scale Barding Armor
35:44 Town Patrol
45:54 Imperial Age
43:43 Leather Archer Armor
47:02 Conscription
47:13 Bracer
47:31 Masonry
49:49 Cavalier
51:21 Hand Cart
52:21 Elite Hussite Wagon
54:30 Wagenburg Tactics
56:53 Scale Mail Armor
58:06 Squires
57:44 Pikeman
61:53 Iron Casting
adan.technology
0:26 Loom
11:11 Feudal Age
11:49 Double-Bit Axe
14:18 Wheelbarrow
13:33 Town Watch
13:39 Gold Mining
15:02 Horse Collar
17:26 Arson
20:23 Scale Mail Armor
21:52 Forging
21:32 Fletching
21:42 Padded Archer Armor
26:00 Castle Age
24:43 Stone Mining
25:15 Scale Barding Armor
26:59 Bow Saw
26:59 Heavy Plow
30:08 Pikeman
30:49 Squires
31:32 Crossbowman
31:34 Elite Skirmisher
32:51 Bodkin Arrow
33:51 Hand Cart
36:22 Husbandry
36:32 Bloodlines
37:37 Leather Archer Armor
37:43 Chain Barding Armor
37:39 Chain Mail Armor
37:59 Iron Casting
38:27 Thumb Ring
39:53 Light Cavalry
45:11 Imperial Age
42:42 Town Patrol
45:24 Capped Ram
46:49 Plate Mail Armor
46:54 Plate Barding Armor
45:53 Imperial Skirmisher
48:11 Paper Money
47:52 Chatras
47:51 Elite Battle Elephant
50:30 Bracer
51:00 Ring Archer Armor
51:56 Halberdier
54:22 Treadmill Crane
55:43 Chemistry
55:04 Ballistics
55:48 Herbal Medicine
56:08 Block Printing
56:19 Illumination
55:21 Elite Fire Lancer
56:27 Cavalier
56:37 Elite Rattan Archer
58:31 Two-Man Saw
58:04 Crop Rotation
58:23 Sappers
59:29 Hoardings
Connection lost

Rejoining the realm…

Still unreachable

The connection could not be restored.

Session expired

The server has moved on; the page needs a fresh start.